 Dungeon Crawl Stone Soup version 0.28-a0-2-g643f2454ad (webtiles) character file.

Game seed: 3996534832956939090

153 quinnr the Gusty (level 5, -18/29 HPs)
             Began as a Tengu Air Elementalist on July 22, 2021.
             Demolished by Menkaure (24 damage)
             ... on level 4 of the Dungeon.
             The game lasted 00:05:45 (3049 turns).

quinnr the Gusty (Tengu Air Elementalist)           Turns: 3049, Time: 00:05:46

Health: -18/29     AC:  3    Str:  8    XL:     5   Next: 35%
Magic:  0/9        EV: 14    Int: 17    God:
Gold:   186        SH:  0    Dex: 14    Spells: 4/9 levels left

rFire   . . .      SeeInvis .   l - +0 dagger (speed)
rCold   . . .      Faith    .   (no shield)
rNeg    . . .      Spirit   .   a - +0 robe
rPois   .          Reflect  .   (helmet restricted)
rElec   .          Harm     .   f - +0 cloak
rCorr   .          Rampage  .   (no gloves)
Will    .....                   (boots unavailable)
Stlth   ++........              (no amulet)
HPRegen 0.09/turn               (no ring)
MPRegen 0.11/turn               (no ring)

@: flying quickly and evasively, very slightly contaminated, quick
A: beak, talons 3, nimble flight
a: no special abilities


You were on level 4 of the Dungeon.
You visited 1 branch of the dungeon, and saw 4 of its levels.

You collected 186 gold pieces.

Inventory:

Hand Weapons
 l - a +0 dagger of speed (weapon)
Armour
 a - a +0 robe (worn)
 f - a +0 cloak (worn)
Scrolls
 b - a scroll of fear {unknown}
 c - 2 scrolls of identify {unknown}
 d - a scroll of blinking {unknown}
 h - a scroll of acquirement {unknown}
 j - a scroll of enchant weapon {unknown}
Potions
 e - a potion of cancellation {unknown}
 g - a potion of magic {unknown}
 i - a potion of lignification {unknown}
 k - a potion of haste {unknown}


   Skills:
 - Level 1.0 Fighting
 - Level 2.1 Dodging
 - Level 2.0 Stealth
 + Level 2.5 Spellcasting
 - Level 1.3 Conjurations
 * Level 7.1 Air Magic


You had 4 spell levels left.
You knew the following spells:

 Your Spells              Type           Power      Damage    Failure   Level
a - Shock                 Conj/Air       64%        1d7       3%          1
b - Airstrike             Air            13%        N/A       10%         4

Your spell library contained the following spells:

 Spells                   Type           Power      Damage    Failure   Level
 Swiftness                Air            26%        N/A       3%          3
 Static Discharge         Conj/Air       16%        N/A       4%          2
 Sticky Flame             Conj/Fire      4%         2d3       80%         4
 Dispel Undead            Necr           2%         3d7       88%         4


Dungeon Overview and Level Annotations

Branches:
Dungeon (4/15)
 Temple: D:4-7

Altars:
Ru

Annotations:
D:4 Menkaure


Innate Abilities, Weirdness & Mutations

You have a beak for a mouth.
You have claws for feet.
Your magical nature lets you fly swiftly and evasively.


Message History

Aiming: Shock (safe; 3% risk of failure)
Press: ? - help, Shift-Dir - straight line, f/p - Menkaure
Aim: Menkaure (severely damaged, fast, 86% to hit)
The zap hits the adder.
You kill the adder!
The zap hits Menkaure.
Menkaure is severely damaged.
Casting: Shock (safe; 3% risk of failure)
Confirm with . or Enter, or press ? or * to list all spells.
The spell is extremely dangerous to cast (10% risk of failure)!
Continue anyway?
Aiming: Airstrike (extremely dangerous; 10% risk of failure)
Press: ? - help, Dir - move target, f/p - Menkaure
Aim: Menkaure (severely damaged, fast)
You miscast Airstrike.
You are very lightly contaminated with residual magic.
Nothing appears to happen.
Unknown command.
Casting: Airstrike (extremely dangerous; 10% risk of failure)
Confirm with . or Enter, or press ? or * to list all spells.
Aiming: Shock (safe; 3% risk of failure)
Press: ? - help, Shift-Dir - straight line, f/p - Menkaure
Aim: Menkaure (severely damaged, fast, 86% to hit)
The zap hits Menkaure but does no damage.
Menkaure is severely damaged.
Unknown command.
You barely miss Menkaure.
Menkaure is severely damaged.
Menkaure hits you but does no damage.
You hit Menkaure but do no damage.
Menkaure is severely damaged.
Menkaure whispers, "It doesn't hurt if you pull your brain out of your nose yourself."
Menkaure hits you!!
Ouch! That really hurt!
* * * LOW HITPOINT WARNING * * *
You hit Menkaure but do no damage. You claw Menkaure.
You peck Menkaure, but do no damage.
Menkaure is almost destroyed.
Menkaure hits you!!
Ouch! That really hurt!
You die...

....... ....... ≈..
≈..≈...## #≈≈.≈
(..≈....###≈≈≈≈≈≈
.≈♣.......≈≈≈≈≈≈≈
♣≈#....#..≈≈≈≈≈≈
≈≈≈♣..M.#...≈≈≈≈≈≈
♣....@.....#≈≈≈≈≈≈
♣.≈###........≈≈≈≈≈
##...†.....≈≈.≈ ..
###..............
...#......(.........
....#.).....#<.......
.......#..###.......
. ..#...##.#.........
..
#.#................


You could see Menkaure (fast).

Vanquished Creatures
  A hound (D:4)
  A bullfrog skeleton (D:4)
  A hound skeleton (D:4)
  2 adders
  2 worms
  3 dart slugs
  3 orcs (D:4)
  4 ball pythons
  An endoplasm (D:1)
  A giant cockroach (D:1)
  5 goblins
  3 hobgoblins
  2 jackals (D:1)
  4 kobolds
  5 quokkas
  3 bats
  4 frilled lizards
  4 rats
49 creatures vanquished.

Vanquished Creatures (others)
  A dart slug (D:4)
1 creature vanquished.

Grand Total: 50 creatures vanquished

Notes
Turn   | Place    | Note
-------+----------+-------------------------------------------
     0 | D:1      | quinnr the Tengu Air Elementalist began the quest for the
                  | Orb.
     0 | D:1      | Reached XP level 1. HP: 10/10 MP: 4/4
   125 | D:1      | You fall into a shaft and drop 1 floor!
   381 | D:2      | Reached XP level 2. HP: 15/15 MP: 4/6
   579 | D:1      | Reached skill level 5 in Air Magic
   836 | D:1      | Reached XP level 3. HP: 19/19 MP: 0/7
  1758 | D:2      | Found a faded altar of an unknown god.
  1819 | D:2      | Reached skill level 6 in Air Magic
  2256 | D:3      | Noticed a sky beast
  2421 | D:4      | Reached XP level 4. HP: 21/24 MP: 1/8
  2616 | D:4      | Reached skill level 1 in Fighting
  2687 | D:4      | Reached skill level 7 in Air Magic
  2687 | D:4      | Gained mutation: Your magical nature lets you fly swiftly
                  | and evasively. [Tengu growth]
  2687 | D:4      | Reached XP level 5. HP: 25/29 MP: 2/9
  2948 | D:4      | Learned a level 4 spell: Airstrike
  2964 | D:4      | Found a sacrificial altar of Ru.
  3040 | D:4      | Noticed Menkaure
  3049 | D:4      | Demolished by Menkaure

Illustrated notes

Levels and vault maps discovered:
D:1:      saegor_arrival_miasma, layout_basic
D:2:      layout_rooms, hellmonk_ecumenical_altar_arch_garden, minivault_23
D:3:      layout_basic
D:4:      kennysheep_slugbush, layout_cave_pools, kennysheep_mini,
          chequers_serial_rivers_marsh, uniq_sigmund, uniq_edmund, uniq_menkaure

Skill      XL: |  1  2  3  4 |
---------------+-------------+-----
Air Magic      | 5 6 7 |  7.1
Fighting       | 1 |  1.0
Dodging        | |  2.1
Stealth        | |  2.0
Spellcasting   | |  2.5
Conjurations   | |  1.3

Action                   |  1- 3 |  4- 6 || total
-------------------------+-------+-------++-------
Melee: Unarmed           |    20 |     2 ||    22
       Kick              |     3 |     6 ||     9
       Dagger            |       |    15 ||    15
       Peck              |       |     4 ||     4
 Cast: Shock             |    86 |    36 ||   122
Armor: Robe              |    10 |     2 ||    12
Dodge: Dodged            |    40 |     6 ||    46

Table legend: (Time is in decaauts)
 A = Elapsed time spent in this place.
 B = Non-inter-level travel time spent in this place.
 C = Inter-level travel time spent in this place.
 D = Time resting spent in this place.
 E = Time spent auto-exploring this place.
 F = Levels seen in this place.
 G = Mean time per level.
                   A        B        C        D        E       F      G
               +--------+--------+--------+--------+--------+-----+--------+
         Total |   3039 |   2954 |     85 |    900 |   1634 |   4 |  759.8 |
       Dungeon |   3039 |   2954 |     85 |    900 |   1634 |   4 |  759.8 |
               +--------+--------+--------+--------+--------+-----+--------+

Top non-repeatable levels by time:
     D:1: 1154 daAuts
     D:2: 1006 daAuts
     D:4: 594 daAuts
     D:3: 284 daAuts
